 Dungeon Crawl Stone Soup version 0.32-a0-361-g289a535e89 (webtiles) character file.

Game seed: 598523874274434105

53 shadowstone the Scratcher (level 3, -1/11 HPs)
             Began as a Felid Shapeshifter on Feb 18, 2024.
             Slain by a goblin
             ... wielding a +0 club
              (3 damage)
             ... on level 2 of the Dungeon on Feb 19, 2024.
             The game lasted 00:04:38 (1165 turns).

shadowstone the Scratcher (Felid Shapeshifter)      Turns: 1165, Time: 00:04:38

Health: -1/11      AC:  1    Str: 12    XL:     3   Next: 64%
Magic:  4/4        EV: 21    Int: 13    God:
Gold:   38         SH:  0    Dex: 15    Spells: 2/2 levels left
                                        Lives:  0   Deaths: 1

rFire   . .          .
                       - Unarmed
rCold   . . .        (shield unavailable)
rNeg    . . .        (body armour unavailable)
rPois   .            (helmet unavailable)
rElec   .            (cloak unavailable)
rCorr   .            (gloves unavailable)
SInv    +            (boots unavailable)
Will    .....        (no amulet)
Stlth   +            (no ring)
HPRegen 0.21/turn    (no ring)
MPRegen 0.09/turn

%: no passive effects
@: flux-form, glowing
A: glow, contaminating, reduced hp, very small, claws 1, fangs 3, see invisible,
shaggy fur 1, stealthy paws, no weapons or thrown items, no armour, multi-lived
a: Begin Untransformation


You were on level 2 of the Dungeon.
You were something dangerously unstable.
You visited 1 branch of the dungeon, and saw 2 of its levels.

You collected 38 gold pieces.

Inventory:

Talismans
 b - a beast talisman
 c - a flux talisman (active)
Scrolls
 d - 2 scrolls of identify {unknown}
 e - a scroll of vulnerability {unknown}
Potions
 a - a potion of lignification
 f - a potion of curing {unknown}


   Skills:
 + Level 1.1 Fighting
 + Level 2.9 Dodging
 + Level 3.7 Unarmed Combat
 + Level 3.4 Shapeshifting


You had 2 spell levels left.
You didn't know any spells.
Your spell library was empty.

Dungeon Overview and Level Annotations

Branches:
Dungeon (2/15)

Altars:


Innate Abilities, Weirdness & Mutations

You are something dangerously unstable.
You glow with magical radiation, making you easy to see and hit.
Foes you strike become dangerously contaminated with magical radiation.
Your maximum health is decreased, since you lack skill for your form.
You have sharp claws.
You have razor-sharp teeth.
You have supernaturally acute eyesight. (SInv)
You are covered in fur. (AC +1)
Your paws help you pounce on unaware monsters.
You are incapable of wielding weapons or throwing items.
You cannot wear armour.
You gain extra lives every three experience levels.


Message History

You kill the frilled lizard!
The kobold closely misses you.
You scratch the kobold.
You kill the kobold!
You see here a +0 dagger.
An endoplasm comes into view.
Found a dark potion.
A ball python comes into view.
Found an ichor-stained leather armour.
The ball python hisses angrily.
You hear a shout!
A goblin comes into view. It is wielding a +0 club.
The goblin shouts!
The ball python bites you. The ball python barely misses you.
The endoplasm freezes you.
You are frozen.
The ball python completely misses you. The ball python barely misses you.
The endoplasm freezes you.
You are frozen.
You scratch the endoplasm but do no damage.
The endoplasm begins to glow.
The ball python bites you but does no damage.
The ball python misses you. The endoplasm barely misses you.
You scratch the endoplasm.
The endoplasm glows dangerously bright.
The endoplasm is moderately wounded.
The ball python misses you. x2; The endoplasm completely misses you.
The ball python completely misses you. The ball python misses you.
You scratch the endoplasm.
You kill the endoplasm!
The goblin barely misses you. The ball python barely misses you.
The ball python completely misses you.
The ball python attacks as it pursues you!
The ball python misses you. The ball python barely misses you.
You barely miss the ball python. The goblin hits you with a +0 club.
The ball python completely misses you. The ball python misses you.
You barely miss the ball python. You bite the ball python.
The ball python is moderately wounded.
The ball python bites you.
* * * LOW HITPOINT WARNING * * *
The ball python closely misses you. The goblin hits you with a +0 club.
You die...

.P######### ♣P........#
♣..######.#
♣♣.######.## ###
..P...<##..##♣♣P♣ ####
.♣.....)........♣♣.....
.P#########.#♣P..♣[.# .
#..♣♣..P..# ##.♣♣.p♣..#
####.Sg..# #.....#
#.....# #........
...!...... ...........
.....##.... ......#
....


You could see a goblin and a ball python.

Vanquished Creatures
  2 dart slugs (D:1)
  An orc (D:1)
  3 endoplasms
  A giant cockroach (D:1)
  3 goblins (D:1)
  3 hobgoblins (D:1)
  2 jackals (D:1)
  2 ball pythons (D:1)
  3 bats (D:1)
  2 frilled lizards
  3 kobolds
  3 rats (D:1)
28 creatures vanquished.

Notes
Turn   | Place    | Note
-------+----------+-------------------------------------------
     0 | D:1      | shadowstone the Felid Shapeshifter began the quest for the
                  | Orb.
     0 | D:1      | Reached XP level 1. HP: 10/10 MP: 2/2
    58 | D:1      | Reached XP level 2. HP: 7/14 MP: 3/3
   307 | D:1      | Reached XP level 3. HP: 10/18 MP: 4/4
   782 | D:1      | Slain by an orc
   782 | D:1      | Lost a life (0 lives remaining)
  1165 | D:2      | Slain by a goblin

Illustrated notes

Levels and vault maps discovered:
D:1:      erik_arrival_blinker_ship, layout_basic
D:2:      layout_basic, serial_forest, infiniplex_forest_corner_1,
          infiniplex_forest_clump_C, infiniplex_forest_clump_medium,
          infiniplex_forest_lined_2, kennysheep_generic_room_11, uniq_natasha

Skill      XL: |  1 |
---------------+----+-----
Shapeshifting  | 3 |  3.4
Fighting       | |  1.1
Dodging        | |  2.9
Unarmed Combat | |  3.7

Action                     || total
---------------------------++-------
  Melee: Unarmed           ||    63
         Bite              ||     4
 Armour: Skin              ||    35
  Dodge: Dodged            ||   130
   Form: Flux              ||     1

Table legend: (Time is in decaauts)
 A = Elapsed time spent in this place.
 B = Non-inter-level travel time spent in this place.
 C = Inter-level travel time spent in this place.
 D = Time resting spent in this place.
 E = Time spent auto-exploring this place.
 F = Levels seen in this place.
 G = Mean time per level.
                   A        B        C        D        E       F      G
               +--------+--------+--------+--------+--------+-----+--------+
         Total |   1162 |   1141 |     21 |    305 |    265 |   2 |  581.0 |
       Dungeon |   1162 |   1141 |     21 |    305 |    265 |   2 |  581.0 |
               +--------+--------+--------+--------+--------+-----+--------+

Top non-repeatable levels by time:
     D:1: 1104 daAuts
     D:2: 57 daAuts
